 Dungeon Crawl Stone Soup version 0.22.1-1-ga44c0e5 (webtiles) character file.

445 Yogi the Cutter (level 7, 0/46 HPs)
             Began as a Human Wanderer on Nov 2, 2018.
             Slain by an ogre (13 damage)
             ... on level 4 of the Dungeon.
             The game lasted 00:47:53 (5332 turns).

Yogi the Cutter (Human Wanderer)                    Turns: 5332, Time: 00:47:54

Health: 0/46       AC:  4    Str: 11    XL:     7   Next: 23%
Magic:  4/11       EV: 10    Int: 13    God:
Gold:   139        SH:  0    Dex: 15    Spells: 3/12 levels left

rFire    . . .     SeeInvis .   a - +3 short sword (speed)
rCold    . . .     Gourm    .   (no shield)
rNeg     . . .     Faith    .   i - +0 leather armour
rPois    .         Spirit   .   o - +0 helmet
rElec    .         Reflect  .   (no cloak)
rCorr    .         Harm     .   (no gloves)
MR       .....     Rnd*Tele +   (no boots)
Stlth    ++........             l - amulet of the acrobat
HPRegen  0.15/turn              m - ring of wizardry
MPRegen  0.12/turn              c - ring of teleportation

@: no status effects
A: no striking features
a: no special abilities


You were on level 4 of the Dungeon.
You were not hungry.

You visited 1 branch of the dungeon, and saw 5 of its levels.

You collected 139 gold pieces.

Inventory:

Hand Weapons
 a - a +3 short sword of speed (weapon)
Missiles
 e - a throwing net
 q - 8 javelins (quivered)
Armour
 i - a +0 leather armour (worn)
 o - a +0 helmet (worn)
Jewellery
 c - a ring of teleportation (right hand)
 l - an amulet of the acrobat (around neck)
 m - a ring of wizardry (left hand)
Wands
 j - a wand of flame (14)
Scrolls
 h - 3 scrolls of amnesia
 s - 3 scrolls of teleportation
 u - 2 scrolls of identify
Potions
 d - a potion of invisibility {unknown}
 g - a potion of heal wounds
 k - 2 potions of mutation {unknown}
 n - a potion of cancellation {unknown}
 p - 2 potions of lignification
 r - a potion of agility {unknown}
 w - a potion of haste {unknown}
Comestibles
 f - 20 rations


   Skills:
 + Level 0.0 Fighting
 + Level 6.2 Short Blades
 + Level 3.3 Stealth
 + Level 3.0 Spellcasting
 - Level 1.0 Conjurations
 - Level 3.0 Hexes
   Level 1.0 Air Magic
 - Level 1.0 Evocations


You had 3 spell levels left.
You knew the following spells:

 Your Spells              Type           Power        Failure   Level  Hunger
a - Corona                Hex            #......      3%          1    #......
b - Ensorcelled Hibernat  Hex/Ice        #.....       10%         2    ###....
c - Tukima's Dance        Hex            #.......     11%         3    ###....
d - Dazzling Spray        Conj/Hex       #.....       16%         3    ###....

Your spell library contained the following spells:

 Spells                   Type           Power        Failure   Level  Hunger
 Confuse                  Hex            #.......     11%         3    ###....


Dungeon Overview and Level Annotations

Branches:
Dungeon (5/15)
 Temple: D:4-7

Altars:
Fedhas
Gozag
Hepliaklqana
Ru
Beogh

Shops:
D:4 }


Message History

Aim: an ogre, wielding a giant club (chance to defeat MR: 44%)
The giant club dances into the air!
The ogre barely misses you.
You closely miss the ogre. You hit the ogre.
The ogre is lightly wounded.
The ogre closely misses you.
You hit the ogre but do no damage.
The ogre is lightly wounded.
Casting: Tukima's Dance (safe; 11% risk of failure)
Confirm with . or Enter, or press ? or * to list all spells.
Aiming: Corona (safe; 3% risk of failure)
Press: ? - help, Shift-Dir - straight line, f/p - ogre
Aim: an ogre (lightly wounded, chance to defeat MR: 44%)
The ogre is outlined in light.
The ogre hits you!
* * * LOW HITPOINT WARNING * * *
Your giant club hits the ogre!
You hit the ogre.
The ogre is severely wounded.
The ogre hits you!
You die...

#.......#.## ## ........##.# #
........##.## ##### ........###.#
###...# .......## #.## #####
##...... .......# ##.#####...##
#....... .......# #..##....[.#
##....... ......## ##.....(...##
#........ ......#
##..#..@O..#####........
......####.##......#.............
.....###..###....<######.........
#....##..## #....## #####...>.
###.....## #..### ##.##.
....##..# #### ##### #..###
######..# ####...# ##.## # #..#
###......###..# #.##
##........##..##


You could see an ogre and a friendly giant club.

Vanquished Creatures
  A phantom (D:4)
  2 scorpions (D:4)
  A centaur skeleton (D:4)
  An orc priest (D:3)
  2 worker ants (D:4)
  3 adders
  An ooze (D:1)
  An adder skeleton (D:4)
  3 worms
  A dart slug (D:3)
  2 leopard geckos
  8 orcs
  3 ball pythons
  8 bats
  7 giant cockroaches
  4 hobgoblins
  11 jackals
  4 kobolds
  A quokka (D:2)
  4 frilled lizards (D:1)
  11 goblins
  12 rats
91 creatures vanquished.

Notes
Turn   | Place    | Note
-------+----------+-------------------------------------------
     0 | D:1      | Yogi the Human Wanderer began the quest for the Orb.
     0 | D:1      | Yogi set off with: 2 potions of lignification, a +0 robe, a
                  | +0 dagger, a ration
     0 | D:1      | Reached XP level 1. HP: 13/13 MP: 4/4
   279 | D:1      | Learned a level 1 spell: Corona
   433 | D:1      | Reached skill level 1 in Short Blades
   433 | D:1      | Reached XP level 2. HP: 13/19 MP: 6/6
   440 | D:1      | Learned a level 2 spell: Ensorcelled Hibernation
  1146 | D:1      | Reached XP level 3. HP: 23/24 MP: 7/7
  1478 | D:2      | Reached skill level 2 in Short Blades
  1643 | D:2      | Reached XP level 4. HP: 30/30 MP: 8/8
  2732 | D:3      | Found an opulent altar of Gozag.
  2733 | D:3      | Found a blossoming altar of Fedhas.
  2737 | D:3      | Found a hazy altar of Hepliaklqana.
  2737 | D:3      | Found a sacrificial altar of Ru.
  2910 | D:3      | Reached XP level 5. HP: 21/35 MP: 9/9
  3040 | D:3      | Found a roughly hewn altar of Beogh.
  3050 | D:3      | Reached skill level 3 in Short Blades
  3666 | D:3      | Learned a level 3 spell: Tukima's Dance
  3670 | D:3      | Learned a level 3 spell: Dazzling Spray
  3814 | D:4      | Noticed a phantom
  3880 | D:4      | Found Soexadee's Gadget Shop.
  3886 | D:4      | HP: 1/35 [phantom (8)]
  3894 | D:4      | Killed a phantom
  3894 | D:4      | Reached skill level 4 in Short Blades
  3894 | D:4      | Reached XP level 6. HP: 22/41 MP: 2/10
  4190 | D:4      | Reached skill level 5 in Short Blades
  4216 | D:4      | HP: 1/41 [worker ant (5)]
  4517 | D:4      | Reached XP level 7. HP: 42/46 MP: 11/11
  4553 | D:4      | Reached skill level 6 in Short Blades
  5308 | D:5      | Entered Level 5 of the Dungeon
  5332 | D:4      | Slain by an ogre

Skill      XL: |  1  2  3  4  5  6  7 |
---------------+----------------------+-----
Short Blades   | 1 2 4 5 6 |  6.2
Stealth        | 2 3 |  3.3
Spellcasting   | |  3.0
Conjurations   | |  1.0
Hexes          | |  3.0
Air Magic      | |  1.0
Evocations     | |  1.0

Action                   |  1- 3 |  4- 6 |  7- 9 || total
-------------------------+-------+-------+-------++-------
Melee: Dagger            |    88 |       |       ||    88
       Short sword       |    52 |   230 |    29 ||   311
Throw: Javelin           |       |     3 |       ||     3
 Cast: Corona            |     2 |    10 |     2 ||    14
       Dazzling Spray    |       |     2 |       ||     2
       Ensorcelled Hiber |       |     1 |       ||     1
       Tukima's Dance    |       |       |     2 ||     2
  Use: Scroll            |     2 |     4 |       ||     6
       Potion            |     1 |     5 |       ||     6
 Stab: Sleeping          |       |     1 |       ||     1
  Eat: Chunk             |     2 |    10 |       ||    12
       Ration            |       |       |     1 ||     1
Armor: Robe              |    25 |       |       ||    25
       Ring mail         |     5 |    29 |       ||    34
       Leather armour    |       |    12 |     1 ||    13
Dodge: Dodged            |    74 |    86 |     9 ||   169
